 Dungeon Crawl Stone Soup version 0.28.0 (webtiles) character file.

Game seed: 3703684092364456173

42 freelancePsychic the Skirmisher (level 3, -2/34 HPs)
             Began as a Hill Orc Delver on Feb 6, 2022.
             Was a Follower of Fedhas.
             Killed from afar by an orc wizard (7 damage)
             ... with a puff of flame
             ... on level 4 of the Dungeon.
             The game lasted 00:03:17 (1579 turns).

freelancePsychic the Skirmisher (Hill Orc Delver)   Turns: 1579, Time: 00:03:17

Health: -2/34      AC:  3    Str: 16    XL:     3   Next: 56%
Magic:  3/3        EV: 11    Int: 10    God:    Fedhas [*.....]
Gold:   89         SH:  0    Dex: 12    Spells: 2/2 levels left

rFire   . . .      SeeInvis .   l - +0 hand axe
rCold   . . .      Faith    .   (no shield)
rNeg    . . .      Spirit   .   b - +0 leather armour
rPois   .          Reflect  .   (no helmet)
rElec   .          Harm     .   (no cloak)
rCorr   .          Rampage  .   (no gloves)
Will    .....                   (no boots)
Stlth   ++........              m - amulet of regeneration
HPRegen 0.91/turn               (no ring)
MPRegen 0.08/turn               (no ring)

@: no status effects
A: no striking features
a: Renounce Religion


You were on level 4 of the Dungeon.
You worshipped Fedhas.
Fedhas was aware of your devotion.
You visited 1 branch of the dungeon, and saw 5 of its levels.

You collected 89 gold pieces.

Inventory:

Hand Weapons
 a - a +0 short sword
 l - a +0 hand axe (weapon)
Armour
 b - a +0 leather armour (worn)
Jewellery
 m - an amulet of regeneration (around neck)
Wands
 g - a wand of digging (3)
Scrolls
 c - 2 scrolls of fog
 d - a scroll of magic mapping
 e - a scroll of fear
 h - 2 scrolls of immolation {unknown}
 i - a scroll of identify {unknown}
 n - a scroll of vulnerability {unknown}
 o - a scroll of holy word {unknown}
Potions
 f - a potion of haste {@q3}
 j - a potion of brilliance {unknown}
 k - a potion of curing {unknown}
 p - a potion of cancellation {unknown}


   Skills:
 + Level 4.5 Fighting
 - Level 2.5 Short Blades
 + Level 1.7 Axes
 - Level 1.6 Dodging
 - Level 4.1 Stealth
 + Level 0.2 Invocations


You had 2 spell levels left.
You didn't know any spells.
Your spell library was empty.

Dungeon Overview and Level Annotations

Branches:
Dungeon (5/15)
 Temple: D:4-7

Altars:
Fedhas
Wu Jian

Shops:
D:4 **=

Annotations:
D:3 exclusion: orc priest


Message History

The orc wizard hits you but does no damage.
You barely miss the orc wizard.
The orc wizard hits you but does no damage.
You barely miss the orc wizard.
The orc wizard hits you but does no damage.
You hit the orc wizard but do no damage.
The orc wizard hits you but does no damage.
You barely miss the orc wizard.
The orc wizard points at you and mumbles some strange words.
The magic dart hits you.
The orc wizard hits you but does no damage.
You hit the orc wizard but do no damage.
The orc wizard hits you with a +0 dagger.
You barely miss the orc wizard.
The orc wizard points at you and mumbles some strange words.
The puff of flame hits you.
You hit the orc wizard.
The orc wizard is moderately wounded.
The orc wizard hits you with a +0 dagger.
You closely miss the orc wizard.
The orc wizard is moderately wounded.
The orc wizard casts a spell at you. The magic dart hits you!
The orc wizard points at you and mumbles some strange words.
You resist with significant effort.
You hit the orc wizard.
The orc wizard is severely wounded.
The orc wizard casts a spell at you. The magic dart hits you!
* * * LOW HITPOINT WARNING * * *
Found a scroll labelled KUGECOCSUNU.
Found an escape hatch in the floor.
The orc wizard gestures at you while chanting.
The magic dart hits you!
* * * LOW HITPOINT WARNING * * *
Found a white potion and 14 gold pieces.
The orc wizard gestures at you while chanting.
The puff of flame hits you!
You die...
Fedhas appreciates your contribution to the ecosystem.

#.#.......!..$ #.............
#.#........... #?..........
###......... ...# #......>..#
.....# ..........# #.....#
#@####### #.....# #...ooK.#
#.....# #.#.#######.###.....#
#.#.#####.......8...## .. #......
#.#.K)....#... ..# ##.....
#.8...<.^..... ..# #.....
##............. ..#
#######.##.####....∩.........
..###...##.................#.....


You could see an orc wizard, an orc and a kobold.

Vanquished Creatures
  An adder (D:3)
  6 orcs (D:4)
  2 ball pythons
  A bat (D:2)
  An endoplasm (D:3)
  2 giant cockroaches (D:2)
  2 goblins
  2 hobgoblins
  2 quokkas (D:1)
  A frilled lizard (D:1)
  4 kobolds
  A rat (D:2)
25 creatures vanquished.

Notes
Turn   | Place    | Note
-------+----------+-------------------------------------------
     0 | D:5      | freelancePsychic the Hill Orc Delver began the quest for
                  | the Orb.
     0 | D:5      | Reached XP level 1. HP: 19/19 MP: 1/1
     7 | D:4      | Found Yfroocw's Assorted Antiques.
    18 | D:4      | Found Tyuw's General Store.
    19 | D:4      | Found Tamovaesh's Jewellery Shop.
    37 | D:3      | Found an ornate altar of the Wu Jian Council.
    49 | D:3      | Noticed an orc priest
    91 | D:3      | Reached XP level 2. HP: 9/27 MP: 2/2
   672 | D:1      | Found a faded altar of an unknown god.
   708 | D:1      | Prayed at the altar of an unknown god.
   708 | D:1      | Became a worshipper of Fedhas Madash
   708 | D:1      | Reached * piety under Fedhas
   929 | D:1      | Reached skill level 1 in Axes
   929 | D:1      | Reached XP level 3. HP: 33/33 MP: 3/3
  1429 | D:2      | You fall into a shaft and drop 2 floors!
  1579 | D:4      | Killed from afar by an orc wizard

Illustrated notes

Levels and vault maps discovered:
D:1:      lightli_arrival_lavapool, layout_loops_ring,
          dreamdust_ecumenical_altar_angels_and_demons, hangedman_glass_teeth,
          nicolae_figureground_pulse
D:2:      layout_basic, skrybe_limestone_x
D:3:      layout_loops_corners, nicolae_wu_jian_wuxing_cycle,
          nicolae_dithmenos_through_a_glass_darkly, corexii_leaking_fountain,
          dk_noncrumbling_4
D:4:      kennysheep_six_static_rooms, layout_basic, serial_shops, shop, shop,
          nicolae_shop_bloodbath_and_beyond, nicolae_stop_n_shop_1,
          nicolae_shop_statue_plus, small_statue_alley_b,
          chequers_serial_rivers_micro_a, minmay_misc_feat_room, minivault_5
D:5:      layout_loops_ring, lemuel_round_altar, tso_oasis_becter,
          nemelex_diamond_rough_becter, minmay_temple_entry_gardened_gates,
          gup_sewer_entry_spiral

Skill      XL: |  1  2 |
---------------+-------+-----
Fighting       | 4 |  4.5
Axes           | 1 |  1.7
Short Blades   | |  2.5
Dodging        | |  1.6
Stealth        | |  4.1
Invocations    | |  0.2

Action                   || total
-------------------------++-------
Melee: Short sword       ||    67
       Hand axe          ||    45
       Punch             ||     1
  Use: Potion            ||     1
 Stab: Sleeping          ||     9
Armor: Leather armour    ||    30
Dodge: Dodged            ||    62
